 Dungeon Crawl Stone Soup version 0.20.1-1-g8b1a95d (webtiles) character file.

78 killingjoke the Poker (level 3, -7/31 HPs)
             Began as a Demigod Wanderer on July 13, 2017.
             Killed by divine providence
             ... invoked by an orc priest
              (15 damage)
             ... on level 3 of the Dungeon.
             The game lasted 00:04:31 (1929 turns).

killingjoke the Poker (Demigod Wanderer)            Turns: 1929, Time: 00:04:32

Health: -7/31      AC:  5    Str: 18    XL:     3   Next: 94%
Magic:  6/6        EV: 11    Int: 15    God:
Gold:   86         SH:  0    Dex: 15    Spells: 2/2 levels left

rFire    . . .     SeeInvis .   a - +2 spear
rCold    . . .     Gourm    .   (no shield)
rNeg     . . .     Faith    .   o - +0 ring mail
rPois    .         Spirit   .   (no helmet)
rElec    .         Reflect  .   (no cloak)
rCorr    .         Harm     .   (no gloves)
MR       .....                  (no boots)
Stlth    ++........             (no amulet)
Regen    0.1/turn               (no ring)
MPRegen  0.1/turn               (no ring)

@: no status effects
A: high mp 1
a: no special abilities


You were on level 3 of the Dungeon.
You were not hungry.

You visited 1 branch of the dungeon, and saw 4 of its levels.

You collected 86 gold pieces.

Inventory:

Hand Weapons
 a - a +2 spear (weapon)
 d - a +0 dagger
 h - a +1 dagger of pain
Missiles
 e - 78 stones (quivered)
 u - a throwing net
Armour
 c - a +0 robe
 o - a +0 ring mail (worn)
Scrolls
 l - a scroll of enchant armour {unknown}
 m - a scroll of magic mapping
 q - a scroll of recharging {unknown}
 s - a scroll of fog {unknown}
 v - a scroll of enchant weapon {unknown}
 w - a scroll of remove curse {unknown}
 x - a scroll of random uselessness {unknown}
Potions
 b - 4 potions of curing
 k - 2 potions of invisibility
 n - a potion of magic
 t - 2 potions of haste {unknown}
Comestibles
 f - 3 bread rations
 g - 2 chunks of flesh
 p - a royal jelly
 r - 3 meat rations


   Skills:
 - Level 3.6 Fighting
 + Level 3.7 Polearms
 - Level 1.0 Dodging
 - Level 2.6 Stealth
   Level 1.0 Evocations


You had 2 spell levels left.
You didn't know any spells.

Dungeon Overview and Level Annotations

Branches:
Dungeon (4/15)
 Temple: D:4-7

Annotations:
D:4 Eustachio


Innate Abilities, Weirdness & Mutations

You have an increased reservoir of magic. (+10% MP)


Message History

You climb downwards.
A jackal, a worker ant and Eustachio come into view.
Eustachio is wielding a rapier of venom.
Eustachio shouts!
Found a short sword and 16 bolts.
There is a stone staircase leading up here.
You climb upwards.
The orc priest shouts!
There is a stone staircase leading down here.
Unknown command.
An orc comes into view. It is wielding a dagger.
The orc priest invokes the aid of Beogh against you.
Beogh smites you!
There is an open door here.
The orc priest invokes the aid of Beogh against you.
Beogh smites you!
* * * LOW HITPOINT WARNING * * *
The orc priest calls down the wrath of Beogh upon you.
Beogh smites you!
You die...

#......# ### #..o.o.# ..#
#......# ###.#
.#######...o..# #...#
..............# # #<#
..######.#o...#..# #.#
#.......o......# ####.#
#.##......#.#.## ...(.#
#...@..#.#... ...#.....#
#>.....#†# ###
...+.....#.......#.#.#####
...#.....#########.#.....#
...#.....................+
####...#.#....####.#.....#
#...#.# #.#.....# (..# +
..#.#####
.######.#######.#


You could see 3 orc priests and 2 orcs.

Vanquished Creatures
  A worm (D:2)
  2 dart slugs
  3 leopard geckos
  3 orcs (D:3)
  5 bats
  2 giant cockroaches
  10 hobgoblins
  4 jackals (D:3)
  17 frilled lizards
  4 goblins
  5 kobolds
  10 rats
66 creatures vanquished.

Notes
Turn   | Place    | Note
-------+----------+-------------------------------------------
     0 | D:1      | killingjoke the Demigod Wanderer began the quest for the Orb.
     0 | D:1      | killingjoke set off with: a +2 spear, 2 potions of curing, a +0 robe, a +0 dagger, a bread ration
     0 | D:1      | Reached XP level 1. HP: 19/19 MP: 3/3
   343 | D:1      | Reached XP level 2. HP: 18/26 MP: 5/5
  1073 | D:2      | Reached XP level 3. HP: 29/31 MP: 6/6
  1915 | D:4      | Noticed Eustachio
  1929 | D:3      | Killed from afar by an orc priest

Skill      XL: |  1  2  3 |
---------------+----------+-----
Polearms       | 2 3 |  3.7
Fighting       | |  3.6
Dodging        | |  1.0
Stealth        | |  2.6
Evocations     | |  1.0

Action                   || total
-------------------------++-------
Melee: Spear             ||   162
Throw: Stone             ||     7
  Use: Scroll            ||     5
 Stab: Sleeping          ||     9
  Eat: Chunk             ||     3
Armor: Robe              ||     2
       Ring mail         ||    32
Dodge: Dodged            ||    44
